 Dungeon Crawl Stone Soup version 0.26.1-11-gd32895ea62 (webtiles) character file.

Game seed: 14248400102776105810

172 vvl the Cudgeller (level 5, 0/49 HPs)
             Began as a Gargoyle Berserker on June 16, 2021.
             Was a Believer of Trog.
             Killed by divine providence
             ... invoked by an orc priest
              (16 damage)
             ... on level 3 of the Dungeon.
             The game lasted 00:04:28 (2102 turns).

vvl the Cudgeller (Gargoyle Berserker)              Turns: 2102, Time: 00:04:28

Health: 0/49       AC: 10    Str: 22    XL:     5   Next: 52%
Magic:  5/5        EV: 11    Int:  7    God:    Trog [**....]
Gold:   208        SH:  0    Dex:  9    Spells: 4/4 levels left

rFire    . . .     SeeInvis .   a - +0 mace
rCold    . . .     Faith    .   (no shield)
rNeg     + . .     Spirit   .   d - +0 ring mail
rPois    ∞         Reflect  .   (no helmet)
rElec    +         Harm     .   (no cloak)
rCorr    .         Rampage  .   (no gloves)
Will     ++...                  h - +0 pair of boots
Stlth    ..........             (no amulet)
HPRegen  1.16/turn              (no ring)
MPRegen  0.09/turn              (no ring)

@: berserking (expiring), regenerating, very quick
A: negative energy resistance 1, electricity resistance, unbreathing,
petrification resistance, miasma immunity, AC +4
a: Renounce Religion, Berserk, Trog's Hand


You were on level 3 of the Dungeon.
You worshipped Trog.
Trog was pleased with you.
You visited 1 branch of the dungeon, and saw 3 of its levels.

You collected 208 gold pieces.

Inventory:

Hand Weapons
 a - a +0 mace (weapon)
Armour
 d - a +0 ring mail (worn)
 h - a +0 pair of boots (worn)
Scrolls
 e - 3 scrolls of identify {unknown}
 g - a scroll of teleportation {unknown}
 i - a scroll of amnesia {unknown}
 m - 2 scrolls of magic mapping {unknown}
Potions
 b - a potion of degeneration {unknown}
 c - 2 potions of mutation {unknown}
 f - a potion of flight {unknown}
 j - a potion of might {unknown}
 k - 2 potions of lignification {unknown}
 l - a potion of heal wounds {unknown}


   Skills:
 + Level 3.9 Fighting
 * Level 4.3 Maces & Flails
 + Level 3.1 Armour
 + Level 2.2 Dodging
 + Level 2.1 Shields


You had 4 spell levels left.
You didn't know any spells.
Your spell library was empty.

Dungeon Overview and Level Annotations

Branches:
Dungeon (3/15)

Altars:
Makhleb


Innate Abilities, Weirdness & Mutations

You are resistant to torment.
Your stone body is resilient. (AC +4)
You are immune to poison.
You resist negative energy. (rN+)
You are resistant to electric shocks. (rElec)
You can survive without breathing.
You are immune to petrification.
You are immune to miasma.


Message History

You hit the orc but do no damage. The orc hits you but does no damage.
The orc closely misses you.
You hit the orc but do no damage. The orc closely misses you.
The orc misses you.
You sock the orc!
You kill the orc!
Trog accepts your kill. The orc hits you with a +0 short sword.
* * * LOW HITPOINT WARNING * * *
You barely miss the orc. The orc hits you but does no damage.
You sock the orc!
You kill the orc!
Trog accepts your kill. The orc misses you.
You sock the orc!
You kill the orc!
Trog accepts your kill.
The orc priest calls down the wrath of Beogh upon you.
Beogh smites you!
You die...

.####...#.
..........
.........
#.......
........#
....#ooo#
#..Ko{# ##.
##.##)# ...###
#.##@# #....#
#.##.#
##.....###.##.#
........##.##.#
#.......##.##.#
#.............#
..##..)...####
#.##...(####
#......<#


You could see an orc priest and 3 orcs.

Vanquished Creatures
  A sky beast (D:2)
  An adder (D:2)
  2 oozes (D:2)
  2 worms (D:2)
  A dart slug (D:1)
  A leopard gecko (D:1)
  5 orcs (D:3)
  2 ball pythons
  5 bats
  2 giant cockroaches
  10 goblins
  2 hobgoblins
  3 kobolds
  2 quokkas
  6 frilled lizards
  7 rats
52 creatures vanquished.

Notes
Turn   | Place    | Note
-------+----------+-------------------------------------------
     0 | D:1      | vvl the Gargoyle Berserker began the quest for the Orb.
     0 | D:1      | Reached XP level 1. HP: 14/14 MP: 1/1
    66 | D:1      | Reached XP level 2. HP: 2/19 MP: 2/2
   848 | D:1      | Reached skill level 1 in Shields
   848 | D:1      | Reached XP level 3. HP: 23/23 MP: 3/3
  1173 | D:2      | Noticed a sky beast
  1214 | D:2      | Killed a sky beast
  1215 | D:2      | Reached skill level 4 in Maces & Flails
  1215 | D:2      | Reached XP level 4. HP: 8/29 MP: 4/4
  1215 | D:2      | Reached XP level 5. HP: 9/33 MP: 5/5
  1443 | D:2      | Reached ** piety under Trog
  1987 | D:2      | Found a burning altar of Makhleb.
  2102 | D:3      | Killed from afar by an orc priest

Illustrated notes

Levels and vault maps discovered:
D:1:      lemuel_arrival_behind_the_door_large, layout_loops_cross,
          minmay_misc_feat_pillars, minmay_ruptured
D:2:      layout_basic, lemuel_statue_altar
D:3:      layout_loops_cross, hangedman_decor_growths, uniq_robin

Skill      XL: |  1  2  3  4  5 |
---------------+----------------+-----
Shields        | 1 2 |  2.1
Maces & Flails | 4 |  4.3
Armour         | 3 |  3.1
Dodging        | 2 |  2.2
Fighting       | |  3.9

Action                   |  1- 3 |  4- 6 || total
-------------------------+-------+-------++-------
Melee: Mace              |   118 |    90 ||   208
Invok: Berserk           |       |     1 ||     1
       Trog's Hand       |       |     1 ||     1
Armor: Animal skin       |     7 |       ||     7
       Ring mail         |    58 |    56 ||   114
Dodge: Dodged            |    74 |    66 ||   140
